 Dungeon Crawl Stone Soup version 0.31-a0-263-ge8cad7f256 (webtiles) character file.

Game seed: 7730437034464731647

526 qw the Shooter (level 7, 0/60 HPs)
             Began as a Minotaur Hexslinger on July 13, 2023.
             Slain by a gnoll
             ... wielding a +0 spear
              (2 damage)
             ... on level 4 of the Dungeon.
             The game lasted 00:01:21 (2935 turns).

qw the Shooter (Minotaur Hexslinger)                Turns: 2935, Time: 00:01:22

Health: 0/60       AC: 10    Str: 13    XL:     7   Next: 2%
Magic:  7/7        EV: 11    Int: 10    God:
Gold:   18         SH:  0    Dex: 14    Spells: 7/8 levels left

rFire   . . .        Y - +0 longbow
rCold   . . .        (shield currently unavailable)
rNeg    . . .        c - +0 ring mail
rPois   .            (helmet restricted)
rElec   .            (no cloak)
rCorr   .            m - +1 pair of gloves
SInv    .            a - +2 pair of boots
Will    .....        (no amulet)
Stlth   +            (no ring)
HPRegen 0.30/turn    (no ring)
MPRegen 0.10/turn

%: no passive effects
@: lit by a corona, glowing
A: horns 2, retaliatory headbutt
a: no special abilities


You were on level 4 of the Dungeon.
You visited 1 branch of the dungeon, and saw 4 of its levels.

You collected 190 gold pieces.
You spent 172 gold pieces at shops.


Innate Abilities, Weirdness & Mutations

You have a pair of horns on your head.
You reflexively headbutt those who attack you in melee.


   Skills:
 - Level 4.3 Fighting
 - Level 7.2 Ranged Weapons
 + Level 1.5 Armour
 - Level 2.1 Dodging
 - Level 1.0 Spellcasting
 - Level 2.0 Hexes


You had 7 spell levels left.
You knew the following spells:

 Your Spells              Type           Power      Damage    Failure   Level
a - Slow                  Hex            16%        N/A       32%         1

Your spell library contained the following spells:

 Spells                   Type           Power      Damage    Failure   Level
 Inner Flame              Hex/Fire       2%         N/A       82%         3
 Portal Projectile        Hex/Tloc       4%         N/A       82%         3
 Cause Fear               Hex            2%         N/A       97%         4

Inventory:

Hand Weapons
 Y - a +0 longbow (weapon)
Armour
 a - a +2 pair of boots (worn)
 c - a +0 ring mail (worn)
 m - a +1 pair of gloves (worn)
Scrolls
 f - a scroll of silence {unknown}
Potions
 b - a potion of attraction {unknown}
 d - a potion of heal wounds {unknown}
 e - 2 potions of might
 g - a potion of haste {unknown}
 h - a potion of invisibility {unknown}
 i - a potion of lignification {unknown}
 k - a potion of enlightenment {unknown}
 l - a potion of ambrosia {unknown}

Dungeon Overview and Level Annotations

Branches:
Dungeon (4/15)
 Temple: D:4-7

Altars:
Dithmenos

Shops:
D:3 [

Annotations:
D:3 1 runed translucent door, Crazy Yiuf
D:4 Dowan, Duvessa


Message History

The endoplasm quivers.
The arrow hits the giant cockroach!
You kill the giant cockroach!
Duvessa hits you but does no damage.
The gnoll hits you from afar with a +0 spear.
The gnoll barely misses you.
You shoot an arrow. The arrow barely misses Duvessa.
The arrow hits the endoplasm!
You kill the endoplasm!
Duvessa hits you but does no damage. The gnoll barely misses you.
The gnoll hits you from afar with a +0 halberd!
Dowan casts a spell at you. You resist with some effort.
The hobgoblin completely misses you. Duvessa hits you with a +0 short sword.
The hobgoblin hits you. The gnoll barely misses you.
Dowan hits you but does no damage. The gnoll misses you.
You shoot an arrow. The arrow hits Duvessa!
Duvessa is moderately wounded.
Duvessa hits you but does no damage. The hobgoblin barely misses you.
You furiously retaliate!
You headbutt the hobgoblin. The gnoll closely misses you. x2
Dowan casts a spell at you.
You are outlined in light.
You shoot an arrow. The arrow hits Duvessa.
Duvessa is moderately wounded.
Duvessa hits you with a +0 short sword.
The hobgoblin hits you but does no damage.
The gnoll hits you from afar with a +0 spear.
The gnoll hits you but does no damage. Dowan hits you with a +0 dagger.
You shoot an arrow. The arrow hits Duvessa.
Duvessa is heavily wounded.
Duvessa closely misses you. You furiously retaliate!
You headbutt Duvessa! The gnoll closely misses you.
The gnoll hits you but does no damage.
Dowan points at you and mumbles some strange words.
The puff of frost hits you!
The hobgoblin hits you but does no damage.
Duvessa hits you with a +0 short sword. The hobgoblin closely misses you.
The gnoll hits you but does no damage.
The gnoll hits you from afar with a +0 spear.
You die...

#...........
#........?..
...........
#..........
..>.......
g.g...... #ge......
##@e5..... #####
##.##...... ..#
#...####.## .....
...# #.....#.##
#... ....
##......### #.
....# #........##
.....###.........#
......###.........#
.......#..........#


You could see Duvessa, Dowan, 2 gnolls, a white imp and a hobgoblin.

Vanquished Creatures
  3 ogres (D:4)
  A scorpion (D:4)
  Terence (D:2)
  Robin (D:1)
  4 adders
  2 gnolls (D:4)
  A worm (D:2)
  4 dart slugs
  4 orcs (D:3)
  5 bats
  10 endoplasms
  4 giant cockroaches
  11 goblins
  9 hobgoblins
  7 jackals
  9 kobolds
  5 quokkas
  7 ball pythons
  4 frilled lizards
  2 rats
94 creatures vanquished.

Notes
Turn   | Place    | Note
-------+----------+-------------------------------------------
     0 | D:1      | qw the Minotaur Hexslinger began the quest for the Orb.
     0 | D:1      | Reached XP level 1. HP: 16/16 MP: 1/1
     0 | D:1      | 0 ||| qw: Version: 0.3-a-52-g30416fa
     0 | D:1      | 0 ||| qw: Game counter: 7539
     0 | D:1      | 0 ||| qw: Melee chars always use a shield: true
     0 | D:1      | 0 ||| qw: God list: Okawaru
     0 | D:1      | 0 ||| qw: Allow faded altars: false
     0 | D:1      | 0 ||| qw: Do Orc after clearing Dungeon:15 true
     0 | D:1      | 0 ||| qw: Do second Lair branch before Depths: true
     0 | D:1      | 0 ||| qw: Lair rune preference: random
     0 | D:1      | 0 ||| qw: Goals: Normal
     0 | D:1      | 0 ||| PLANNING D:1-11
   233 | D:1      | Reached skill level 3 in Ranged Weapons
   252 | D:1      | Reached XP level 2. HP: 19/23 MP: 2/2
   987 | D:1      | 987 ||| UPGRADING to +0 leather armour.
   997 | D:1      | 997 ||| DROPPING +0 robe.
   998 | D:1      | 998 ||| READING scroll labelled WOJEJA TANIQE.
   999 | D:1      | 999 ||| READING scroll labelled NUS PITHRISO.
  1000 | D:1      | 1000 ||| DROPPING scroll of poison.
  1075 | D:2      | Reached XP level 3. HP: 29/29 MP: 3/3
  1080 | D:2      | 1080 ||| FLEEEEING.
  1081 | D:2      | 1081 ||| FLEEEEING.
  1082 | D:2      | 1082 ||| FLEEEEING.
  1083 | D:2      | 1083 ||| FLEEEEING.
  1189 | D:2      | Noticed Terence
  1199 | D:2      | Killed Terence
  1200 | D:2      | Reached skill level 4 in Ranged Weapons
  1339 | D:2      | Reached XP level 4. HP: 36/36 MP: 4/4
  1372 | D:2      | 1372 ||| FLEEEEING.
  1373 | D:2      | 1373 ||| FLEEEEING.
  1374 | D:2      | 1374 ||| FLEEEEING.
  1375 | D:2      | 1375 ||| STAIRDANCE
  1375 | D:2      | Noticed Robin
  1393 | D:1      | 1393 ||| UPGRADING to +2 pair of boots.
  1398 | D:1      | 1398 ||| UPGRADING to +0 ring mail.
  1408 | D:1      | 1408 ||| DROPPING +0 leather armour.
  1415 | D:2      | 1415 ||| STAIRDANCE
  1458 | D:2      | 1458 ||| STAIRDANCE
  1461 | D:1      | Reached skill level 1 in Armour
  1517 | D:2      | 1517 ||| STAIRDANCE
  1522 | D:1      | Killed Robin
  1523 | D:1      | Reached skill level 5 in Ranged Weapons
  1653 | D:2      | 1653 ||| READING scroll labelled JENUFIY OCHU.
  1737 | D:2      | 1737 ||| Stepping ~*~*~tactically~*~*~ (water).
  1960 | D:2      | 1960 ||| READING scroll labelled RIRARIXICROSO.
  2015 | D:3      | Reached skill level 3 in Fighting
  2015 | D:3      | Reached XP level 5. HP: 39/45 MP: 5/5
  2052 | D:3      | 2052 ||| FLEEEEING.
  2124 | D:3      | Found a shadowy altar of Dithmenos.
  2217 | D:3      | 2217 ||| SWAPPING to +0 longbow.
  2218 | D:3      | 2218 ||| DROPPING +1 sling.
  2354 | D:3      | Found Exubim's Antique Armour Shoppe.
  2370 | D:3      | 2370 ||| SHOPLISTING +4 robe of Folly {Brill Will-∞ Int+8}
                  | (1023 gold, have 182).
  2370 | D:3      | 2370 ||| BUYING pair of embroidered gloves (172 gold).
  2370 | D:3      | Bought a pair of embroidered gloves for 172 gold pieces
  2370 | D:3      | 2370 ||| SHOPLISTING shiny ring mail (161 gold, have 10).
  2545 | D:3      | Found a runed translucent door.
  2546 | D:3      | Noticed Crazy Yiuf
  2549 | D:3      | 2549 ||| UPGRADING to +1 pair of gloves.
  2554 | D:3      | 2554 ||| READING scroll labelled JUESCH QOUMMAF.
  2555 | D:3      | 2555 ||| DRINKING 3 metallic pink potions.
  2666 | D:4      | Reached skill level 6 in Ranged Weapons
  2700 | D:4      | Noticed an ogre
  2707 | D:4      | Killed an ogre
  2708 | D:4      | Reached XP level 6. HP: 53/53 MP: 6/6
  2923 | D:4      | Noticed Duvessa
  2924 | D:4      | Noticed Dowan
  2926 | D:4      | Reached skill level 7 in Ranged Weapons
  2928 | D:4      | Reached XP level 7. HP: 36/60 MP: 7/7
  2934 | D:4      | HP: 14/60 [Duvessa/+0 short sword (4)]
  2935 | D:4      | HP: 5/60 [Dowan/puff of frost (7)]
  2935 | D:4      | HP: 2/60 [Duvessa/+0 short sword (3)]
  2935 | D:4      | Slain by a gnoll

Levels and vault maps discovered:
D:1:      minmay_arrival_solitary_statue, layout_loops_corners
D:2:      layout_basic, serial_bayou_lake_a, uniq_terence, uniq_robin
D:3:      layout_rooms, nicolae_dithmenos_the_darkroom, serial_shops,
          shop_fountains, uniq_crazy_yiuf_cottage
D:4:      layout_cave_pods, st_stairs_2, uniq_duvessa, uniq_pikel

Skill      XL: |  1  2  3  4  5  6 |
---------------+-------------------+-----
Ranged Weapons | 3 4 5 6 7 |  7.2
Fighting       | 2 3 4 |  4.3
Armour         | 1 |  1.5
Dodging        | |  2.1
Spellcasting   | |  1.0
Hexes          | |  2.0

Action                     |  1- 3 |  4- 6 |  7- 9 || total
---------------------------+-------+-------+-------++-------
   Fire: Sling             |   103 |   120 |       ||   223
         Longbow           |       |    63 |     8 ||    71
    Use: Scroll            |     2 |     3 |       ||     5
         Potion            |       |     1 |       ||     1
 Armour: Robe              |     2 |       |       ||     2
         Ring mail         |       |    47 |    17 ||    64
         Leather armour    |       |     2 |       ||     2
  Dodge: Dodged            |    29 |    94 |    19 ||   142

Table legend:
 A = Non-vault XP
 B = Vault XP
 C = Vault XP percentage of total XP
 D = Non-vault monster count
 E = Vault monster count
 F = Vault count percentage of total count
                 A         B        C        D         E       F
            +---------+---------+-------+---------+---------+-------
      Total |     678 |      74 |   9.8 |      79 |      15 |  16.0
            +---------+---------+-------+---------+---------+-------
        D:1 |      35 |      28 |  44.4 |      20 |       8 |  28.6
        D:2 |      77 |      41 |  34.7 |      25 |       4 |  13.8
        D:3 |      53 |       0 |   0.0 |      19 |       0 |   0.0
        D:4 |     513 |       5 |   1.0 |      15 |       3 |  16.7
            +---------+---------+-------+---------+---------+-------
